 Dungeon Crawl Stone Soup version 0.22-a0-419-g492bfec (webtiles) character file.

50771 Gildeon the Cleaver (level 14, -3/133 HPs)
             Began as a Minotaur Fighter on May 13, 2018.
             Was the Champion of Qazlal.
             Slain by a stone giant (32 damage)
             ... on level 1 of the Orcish Mines on May 15, 2018.
             The game lasted 01:16:38 (17774 turns).

Gildeon the Cleaver (Minotaur Fighter)             Turns: 17774, Time: 01:16:39

Health: -3/133     AC: 25    Str: 32    XL:     14   Next: 20%
Magic:  29/29      EV: 13    Int:  7    God:    Qazlal [******]
Gold:   1264       SH: 21    Dex: 13    Spells: 19/23 levels left

rFire    x . .     SeeInvis .   a - +6 war axe
rCold    + . .     Gourm    .   c - +0 shield
rNeg     . . .     Faith    .   A - +0 plate armour
rPois    +         Spirit   .   (helmet restricted)
rElec    .         Reflect  .   j - +2 cloak
rCorr    .         Harm     +   t - +0 pair of gloves
MR       ++...                  y - +1 pair of boots
Stlth    ..........             z - amulet of harm
HPRegen  0.32/turn              n - ring of protection from magic
MPRegen  0.21/turn              F - ring of the Sneaky Realms {Ice rPois MP+9 Str+5 Dex+3}

@: mighty, protected from physical damage, repel missiles
A: retaliatory headbutt, horns 2, robust 1, shaggy fur 1, weak 1, MP-powered
wands
a: Upheaval, Elemental Force, Disaster Area, Renounce Religion


You were on level 1 of the Orcish Mines.
You worshipped Qazlal.
Qazlal was exalted by your worship.
You were not hungry.

You visited 3 branches of the dungeon, and saw 17 of its levels.
You also visited: Ice Cave.

You collected 1264 gold pieces.

Inventory:

Hand Weapons
 a - a +6 war axe (weapon)
 u - a +2 hand axe of flaming
 v - a +2 flail of venom
Missiles
 h - 380 stones (quivered)
Armour
 c - a +0 shield (worn)
 d - a +3 chain mail of cold resistance
 j - a +2 cloak (worn)
 t - a +0 pair of gloves (worn)
 y - a +1 pair of boots (worn)
 A - a +0 plate armour (worn)
 H - +0 fire dragon scales
Jewellery
 n - a ring of protection from magic (left hand)
 p - an uncursed ring of protection from magic
 z - an amulet of harm (around neck)
 D - an uncursed ring of protection from cold
 F - the ring of the Sneaky Realms (right hand) {Ice rPois MP+9 Str+5 Dex+3}
   (You found it on level 1 of the Lair of Beasts)

   [ring of ice]

   It enhances your ice magic.
   It affects your strength (+5).
   It affects your dexterity (+3).
   It makes you vulnerable to fire.
   It protects you from cold.
   It protects you from poison.
   It affects your magic capacity (+9).
Wands
 g - a wand of acid (7)
 l - a wand of iceblast (3)
 s - a wand of digging (9)
Scrolls
 b - 3 scrolls of blinking
 i - 4 scrolls of remove curse
 q - 4 scrolls of teleportation
 B - 5 scrolls of fog
 I - a scroll of identify
Potions
 m - 3 potions of flight
 o - 2 potions of cancellation
 r - a potion of magic
 w - 2 potions of heal wounds
 C - a potion of curing
Comestibles
 f - 22 rations
 x - 6 chunks of flesh


   Skills:
 - Level 10.1 Fighting
 + Level 14.3 Axes
 - Level 10.0 Armour
 - Level 10.7 Dodging
 - Level 10.2 Shields
 - Level 5.0 Spellcasting
 - Level 5.0 Conjurations
 - Level 5.6 Fire Magic
 - Level 5.3 Air Magic
 - Level 2.1 Invocations


You had 19 spell levels left.
You knew the following spells:

 Your Spells              Type           Power        Failure   Level  Hunger
a - Shock                 Conj/Air       #...         36%         1    #......
b - Flame Tongue          Conj/Fire      #....        36%         1    #......
c - Swiftness             Chrm/Air       #.......     86%         2    ###....

Your spell library contained the following spells:

 Spells                   Type           Power        Failure   Level  Hunger
 Cause Fear               Hex            #.........   100%        4    #####..
 Bolt of Fire             Conj/Fire      #.........   100%        6    #######
 Lightning Bolt           Conj/Air       #.........   100%        5    ######.
 Summon Ice Beast         Ice/Summ       #.......     100%        4    #####..
 Dragon Form              Tmut           #.........   100%        7    #######
 Airstrike                Air            #.........   98%         4    #####..
 Call Canine Familiar     Summ           #.......     100%        3    ###....
 Summon Butterflies       Summ           #.......     97%         1    #......
 Static Discharge         Conj/Air       #.......     75%         3    ###....
 Summon Hydra             Summ           #.........   100%        7    #######
 Dragon's Call            Summ           #.........   100%        9    #######
 Summon Mana Viper        Hex/Summ       #.......     100%        5    ######.


Dungeon Overview and Level Annotations

Branches:
Dungeon (9/15)             Temple (0/1) D:5            Lair (6/6) D:8
  Swamp (0/4) Lair:2        Snake (0/4) Lair:3        Slime (0/5) Lair:5
    Orc (2/2) D:9             Elf (0/3) Orc:2

Altars:
Elyvilon
Fedhas
Kikubaaqudgha
Nemelex Xobeh
Okawaru
Qazlal
Trog
Xom
Zin
Jiyva

Shops:
D:4 *   D:9 }

Annotations:
Lair:3 exclusion: 3 oklob plants


Innate Abilities, Weirdness & Mutations

You reflexively headbutt those who attack you in melee.
You have a pair of horns on your head.
You are robust. (+10% HP)
You are covered in fur. (AC +1)
You are weak. (Str -2)
You expend magic power (3 MP) to strengthen your wands.


Message History

* * * LOW HITPOINT WARNING * * *
You feel more protected from physical attacks.
Items here: )) [[ a leather armour; a club; a chain mail; an enchanted dire flail You feel much better.
The stone giant hits you but does no damage.
You slash the ettin! You headbutt the ettin!!
The ettin is almost dead.
You hit the stone giant. The ettin hits you with a dire flail!!
* * * LOW HITPOINT WARNING * * *
The ettin closely misses you.
You feel much better.
You feel less invigorated.
You feel less confused. The stone giant barely misses you.
You slash the ettin!
You kill the ettin!
Qazlal accepts your kill.
Your life force feels restored.
You hit the stone giant. The stone giant hits you!!
You die...

##....# ##.....###
##........#
##.........###
#.......))...##
###.....##)<....##
##.......#...§....###
#........###..§§§...##
#........####[@§.....#
#........##.§C§.§...##
###.......#.§)§§.#.##
##.............###
##...........##
###......#..#
#......##.##
###.....### #.#..##


You could see a stone giant.

Vanquished Creatures
  A frost giant (IceCv)
  An ettin (Orc:1)
  A fire dragon (Lair:6)
  Josephine (Lair:6)
  4 hydras
  Harold (Lair:1)
  3 two-headed ogres (D:8)
  3 death yaks
  A queen ant (Lair:2)
  Sonja (Lair:1)
  The ghost of tstbtto the Cleaver, a novice DrFi of Ru (D:7)
  A lindwurm (Lair:6)
  A deep elf mage (Orc:1)
  The ghost of Serpenta the Spear-Bearer, a novice HuCK of Xom (D:6)
  An orc sorcerer (Orc:1)
  An orc knight (Orc:1)
  An oklob plant (Lair:3)
  6 elephants (Lair:6)
  An ice statue (IceCv)
  5 black mambas (Lair:6)
  Maurice (Orc:1)
  2 molten gargoyles (Lair:6)
  7 spiny frogs
  3 rime drakes
  7 komodo dragons
  2 ice devils (Lair:3)
  12 polar bears (IceCv)
  4 blink frogs (Lair:2)
  5 hippogriffs
  Prince Ribbit (Lair:2)
  7 wyverns
  3 wraiths (Lair:6)
  41 yaks
  5 basilisks
  Eustachio (D:5)
  Grum (D:8)
  2 steam dragons
  Menkaure (D:6)
  The ghost of tilp the Chiller, an amateur MfIE (D:4)
  10 soldier ants (Lair:2)
  A warg (Orc:1)
  Edmund (D:6)
  2 nagas (Lair:3)
  10 water moccasins
  3 hell hounds (Lair:6)
  2 porcupines
  A swamp drake (D:8)
  12 orc warriors
  3 sky beasts
  4 necrophages (D:8)
  3 phantoms
  5 ogres
  25 wolves
  2 centaurs
  16 crocodiles
  A big kobold (D:8)
  12 bullfrogs
  A gnoll sergeant (D:8)
  A wyvern skeleton (D:7)
  4 scorpions
  6 killer bees (D:8)
  6 howler monkeys
  An electric eel (Lair:5)
  3 crimson imps
  5 lava snakes (Lair:6)
  2 jellies
  Crazy Yiuf (D:3)
  5 hounds
  7 orc priests
  3 bullfrog skeletons
  Terence (D:3)
  4 iguanas
  15 orc wizards
  26 worker ants
  A killer bee zombie (D:8)
  A hound zombie (D:7)
  2 worker ant zombies (D:8)
  14 adders
  9 gnolls
  A shadow imp (D:9)
  An ooze (D:3)
  4 worms
  An adder skeleton (D:4)
  2 dart slugs (D:2)
  3 leopard geckos
  50 orcs
  2 ball pythons (D:2)
  6 giant cockroaches
  11 hobgoblins
  10 jackals
  A quokka (D:3)
  8 bats
  A frilled lizard (D:1)
  8 goblins
  7 kobolds
  A quokka zombie (D:7)
  6 rats
  A bush (D:8)
497 creatures vanquished.

Vanquished Creatures (others)
  A polar bear (IceCv)
  2 yaks (IceCv)
  An orc (Orc:2)
  A quokka zombie (D:9)
  2 bushes (D:8)
  2 fungi
  12 plants
21 creatures vanquished.

Grand Total: 518 creatures vanquished

Notes
Turn   | Place    | Note
-------+----------+-------------------------------------------
     0 | D:1      | Gildeon the Minotaur Fighter began the quest for the Orb.
     0 | D:1      | Reached XP level 1. HP: 19/19 MP: 0/0
     0 | D:1      | Noticed a draconian
     0 | D:1      | Noticed a spriggan
     2 | D:1      | Noticed a minotaur
     3 | D:1      | Noticed a centaur
     6 | D:1      | Noticed a gargoyle
     7 | D:1      | Noticed a formicid
    10 | D:1      | Noticed a minotaur
    12 | D:1      | Noticed a dwarf
    14 | D:1      | Noticed a centaur
    16 | D:1      | Noticed a gargoyle
    16 | D:1      | Noticed a centaur
    16 | D:1      | Noticed a felid
    18 | D:1      | Noticed a draconian
    18 | D:1      | Noticed a dwarf
    18 | D:1      | Noticed a gargoyle
    20 | D:1      | Noticed a human
    20 | D:1      | Noticed a dwarf
    22 | D:1      | Noticed a dwarf
   153 | D:1      | Reached skill level 3 in Axes
   171 | D:1      | Reached XP level 2. HP: 26/26 MP: 1/1
   520 | D:2      | Reached skill level 4 in Axes
   556 | D:2      | Found a bloodstained altar of Trog.
   609 | D:2      | Reached XP level 3. HP: 22/31 MP: 2/2
   724 | D:2      | Found a stormy altar of Qazlal.
   752 | D:2      | Became a worshipper of Qazlal Stormbringer
   872 | D:2      | Reached skill level 5 in Axes
  1107 | D:2      | Found a sparkling altar of Nemelex Xobeh.
  1236 | D:3      | Reached XP level 4. HP: 39/39 MP: 3/3
  1330 | D:3      | Found an iron altar of Okawaru.
  1433 | D:3      | Reached * piety under Qazlal
  1462 | D:3      | Reached skill level 6 in Axes
  1574 | D:3      | Noticed Terence
  1580 | D:3      | Killed Terence
  1580 | D:3      | Reached XP level 5. HP: 42/45 MP: 4/4
  1642 | D:3      | Reached skill level 7 in Axes
  1844 | D:3      | Found a runed door.
  1849 | D:3      | Noticed Crazy Yiuf
  1852 | D:3      | Killed Crazy Yiuf
  2062 | D:4      | Reached XP level 6. HP: 49/51 MP: 5/5
  2146 | D:4      | Found Aryw's General Store.
  2199 | D:4      | Reached skill level 8 in Axes
  2210 | D:4      | Noticed tilp's ghost (amateur MfIE)
  2217 | D:4      | Killed tilp's ghost
  2353 | D:4      | Reached skill level 9 in Axes
  2362 | D:4      | Reached XP level 7. HP: 48/57 MP: 6/6
  2527 | D:4      | Found a white marble altar of Elyvilon.
  2734 | D:5      | Entered Level 5 of the Dungeon
  2766 | D:5      | Reached ** piety under Qazlal
  2855 | D:5      | Found a shimmering altar of Xom.
  2947 | D:5      | Reached skill level 10 in Axes
  2973 | D:5      | Found an ancient bone altar of Kikubaaqudgha.
  3108 | D:5      | Reached skill level 11 in Axes
  3275 | D:5      | Reached XP level 8. HP: 64/64 MP: 7/7
  3287 | D:5      | Noticed Eustachio
  3294 | D:5      | Killed Eustachio
  3412 | D:5      | Found a staircase to the Ecumenical Temple.
  3551 | D:6      | Reached skill level 12 in Axes
  3658 | D:6      | Noticed Serpenta's ghost (novice HuCK)
  3673 | D:6      | Killed Serpenta's ghost
  3673 | D:6      | Reached skill level 13 in Axes
  3688 | D:6      | Noticed Edmund
  3703 | D:6      | Killed Edmund
  3738 | D:6      | Reached XP level 9. HP: 41/70 MP: 8/8
  3777 | D:6      | Reached skill level 14 in Axes
  3977 | D:6      | Found a glowing silver altar of Zin.
  4053 | D:6      | Noticed Menkaure
  4065 | D:6      | Killed Menkaure
  4295 | D:6      | Reached skill level 5 in Fighting
  4891 | D:7      | Reached *** piety under Qazlal
  5080 | D:7      | Noticed tstbtto's ghost (novice DrFi)
  5667 | D:7      | Killed tstbtto's ghost
  5667 | D:7      | Reached XP level 10. HP: 65/93 MP: 9/9
  5955 | D:7      | Reached skill level 10 in Fighting
  6023 | D:8      | Noticed a two-headed ogre
  6030 | D:8      | Noticed Grum
  6036 | D:8      | Killed a two-headed ogre
  6048 | D:8      | Killed Grum
  6165 | D:8      | Noticed a two-headed ogre
  6173 | D:8      | Killed a two-headed ogre
  6242 | D:8      | Noticed a two-headed ogre
  6249 | D:8      | Killed a two-headed ogre
  6447 | D:8      | Found a blossoming altar of Fedhas.
  6533 | D:8      | Reached skill level 10 in Armour
  6575 | D:8      | Learned a level 1 spell: Shock
  6606 | D:8      | Reached skill level 1 in Dodging
  6687 | D:8      | Found a staircase to the Lair.
  6817 | D:8      | Reached **** piety under Qazlal
  6963 | D:8      | Reached XP level 11. HP: 94/99 MP: 10/10
  7197 | D:8      | Reached skill level 5 in Dodging
  7392 | Lair:1   | Entered Level 1 of the Lair of Beasts
  7439 | Lair:1   | Noticed Harold
  7454 | Lair:1   | Killed Harold
  7994 | Lair:1   | Got a fine wooden ring
  7998 | Lair:1   | Identified the ring of the Sneaky Realms {Ice rPois MP+9 Str+5 Dex+3} (You found it on level 1 of the Lair of Beasts)
  8115 | Lair:1   | Identified a scroll of acquirement
  8309 | Lair:1   | Noticed Sonja
  8312 | Lair:1   | Killed Sonja
  8312 | Lair:1   | Reached skill level 10 in Dodging
  8455 | Lair:1   | Noticed a seven-headed hydra
  8460 | Lair:1   | Killed a seven-headed hydra
  8937 | Lair:2   | Found a staircase to the Swamp.
  8947 | Lair:2   | Noticed Prince Ribbit
  8947 | Lair:2   | Reached skill level 5 in Shields
  9778 | Lair:2   | Reached XP level 12. HP: 106/106 MP: 11/11
  9811 | Lair:2   | Killed Prince Ribbit
  9811 | Lair:2   | Reached ***** piety under Qazlal
  9813 | Lair:2   | Noticed a queen ant
  9825 | Lair:2   | Killed a queen ant
  9988 | Lair:3   | Noticed an eight-headed hydra
  9990 | Lair:3   | Noticed a death yak
  9993 | Lair:3   | Noticed a death yak
  9994 | Lair:3   | Noticed a death yak
  9999 | Lair:3   | Killed an eight-headed hydra
 10299 | Lair:3   | Reached skill level 10 in Shields
 10312 | Lair:3   | Reached skill level 1 in Spellcasting
 10412 | Lair:3   | Found a frozen archway.
 10438 | IceCv    | Entered an ice cave
 10612 | IceCv    | Learned a level 1 spell: Flame Tongue
 10656 | IceCv    | Reached skill level 1 in Fire Magic
 10811 | IceCv    | Reached skill level 5 in Spellcasting
 11134 | IceCv    | Reached skill level 1 in Conjurations
 11159 | IceCv    | Reached XP level 13. HP: 94/113 MP: 19/19
 11255 | IceCv    | Noticed a frost giant
 11265 | IceCv    | Killed a frost giant
 11606 | Lair:3   | HP: 4/113 [acid (14)]
 11611 | Lair:3   | HP: 3/113 [poisoned by a water moccasin]
 11619 | Lair:3   | HP: 3/113 [poisoned by a water moccasin]
 12152 | Lair:3   | Found a staircase to the Snake Pit.
 12229 | Lair:3   | Gained mutation: You expend magic power (3 MP) to strengthen your wands. [potion of mutation]
 12229 | Lair:3   | Gained mutation: You possess an exceptional clarity of mind. [potion of mutation]
 12230 | Lair:3   | Lost mutation: You expend magic power (3 MP) to strengthen your wands. [potion of mutation]
 12230 | Lair:3   | Lost mutation: You possess an exceptional clarity of mind. [potion of mutation]
 12230 | Lair:3   | Gained mutation: You are robust. (+10% HP) [potion of mutation]
 12230 | Lair:3   | Gained mutation: You are covered in fur. (AC +1) [potion of mutation]
 12230 | Lair:3   | Gained mutation: You are weak. (Str -2) [potion of mutation]
 12230 | Lair:3   | Gained mutation: You expend magic power (3 MP) to strengthen your wands. [potion of mutation]
 13186 | Lair:4   | Reached skill level 5 in Conjurations
 13549 | Lair:5   | Found a staircase to the Slime Pits.
 13571 | Lair:5   | Found a viscous altar of Jiyva.
 13606 | Lair:5   | You fall through a shaft!
 13606 | Lair:6   | Entered Level 6 of the Lair of Beasts
 13618 | Lair:6   | Noticed Josephine
 13634 | Lair:6   | Killed Josephine
 14072 | Lair:6   | Reached skill level 5 in Fire Magic
 14235 | Lair:6   | Reached ****** piety under Qazlal
 14239 | Lair:6   | Found a large runed door.
 14239 | Lair:6   | Found a large runed door.
 14244 | Lair:6   | Reached skill level 1 in Air Magic
 14291 | Lair:6   | Noticed a fire dragon
 15607 | Lair:6   | Killed a fire dragon
 15607 | Lair:6   | Reached XP level 14. HP: 133/133 MP: 20/20
 15889 | Lair:3   | HP: 4/133 [acid (16)]
 16536 | D:9      | Found Cutiyrorch's Gadget Shoppe.
 16642 | D:9      | Found a staircase to the Orcish Mines.
 16936 | Orc:1    | Entered Level 1 of the Orcish Mines
 16985 | Orc:2    | Entered Level 2 of the Orcish Mines
 16987 | Orc:2    | Upgraded the game from 0.22-a0-414-gacd343e to 0.22-a0-419-g492bfec
 16999 | Orc:1    | Reached skill level 5 in Air Magic
 17185 | Orc:1    | Learned a level 2 spell: Swiftness
 17194 | Orc:2    | Noticed a stone giant
 17202 | Orc:2    | Noticed Maurice
 17203 | Orc:1    | Reached skill level 1 in Invocations
 17766 | Orc:1    | Killed Maurice
 17770 | Orc:1    | HP: 3/133 [stone giant (30)]
 17774 | Orc:1    | Slain by a stone giant

Vault maps used:
D:1:      shiori_arrival_whats_in_store_for_you
D:2:      nemelex_xobeh_ov_fountains_minmay, nicolae_overflow_crystal_walls,
          bloody_trog
D:3:      old_standard_altar, first_ration, uniq_crazy_yiuf_cottage,
          uniq_terence
D:4:      lemuel_doored_altar, serial_shops, shop, kennysheep_generic_room_3
D:5:      kiku_gazebo_garden_becter, lemuel_coloured_pillars_altar,
          minmay_temple_entry_hall, uniq_eustachio
D:6:      zin_statuary, grunt_ministairs_2, uniq_menkaure, uniq_edmund
D:8:      erik_lair_dragon, blue_anna_alchemist, supply_closet_lemuel,
          fedhas_altar_decomposition, uniq_grum
D:9:      david_orc_2, serial_shops, kennysheep_little_box
Lair:1:   st_stairs_3, grunt_megastairs_3, uniq_harold, uniq_sonja
Lair:2:   swamp_mist, zaba_antful_of_joy, serial_bayou_shore_b,
          uniq_prince_ribbit2
Lair:3:   minmay_snake_entry_guardpost_small, portal_ice_cave_demonic_guard,
          minmay_lair_oklob_chamber
Lair:4:   serial_bayou_shore_b
Lair:5:   slime_altar_1
Lair:6:   cheibrodos_lair_end_hotspot, serial_bayou_shore_b, uniq_josephine
Orc:1:    serial_shops, shop
Orc:2:    st_orc_rangers, lab_entry_generic, serial_shops, bzr_entry_islet,
          elf_legates, uniq_maurice
IceCv:    ice_cave_caverns_02

Skill      XL: |  1  2  3  4  5  6  7  8  9 10 11 12 13 14 |
---------------+-------------------------------------------+-----
Axes           | 3 4 5 6 7 9 11 13 14 | 14.3
Fighting       | 9 10 | 10.1
Armour         | 10 | 10.0
Dodging        | 4 10 | 10.7
Shields        | 6 10 | 10.2
Spellcasting   | 5 |  5.0
Fire Magic     | 1 5 |  5.6
Conjurations   | 2 5 |  5.0
Air Magic      | 4 5 |  5.3
Invocations    | 2 |  2.1

Action                   |  1- 3 |  4- 6 |  7- 9 | 10-12 | 13-15 || total
-------------------------+-------+-------+-------+-------+-------++-------
Melee: War axe           |    82 |   102 |   259 |   541 |   372 ||  1356
       Headbutt          |    12 |    15 |    57 |   145 |   104 ||   333
       Flail             |       |       |       |     7 |    17 ||    24
Evoke: Wand              |       |       |    23 |    77 |     7 ||   107
  Use: Scroll            |    12 |     3 |     5 |     8 |    18 ||    46
       Potion            |       |     3 |     1 |     1 |    14 ||    19
 Stab: Paralysed         |       |       |     1 |       |       ||     1
  Eat: Chunk             |     1 |     2 |     6 |     4 |     6 ||    19
       Ration            |       |     1 |     1 |     4 |     5 ||    11
Armor: Scale mail        |    14 |       |       |       |       ||    14
       Chain mail        |    33 |    49 |    52 |    16 |     6 ||   156
       Plate armour      |       |       |    27 |   195 |   113 ||   335
Dodge: Dodged            |    28 |    16 |    20 |   137 |   108 ||   309
       Deflected         |       |       |       |     1 |    17 ||    18
Block: Shield            |    55 |    49 |   115 |   458 |   403 ||  1080

Table legend:
 A = Spawn XP
 B = Non-spawn XP
 C = Spawn XP percentage of total XP
 D = Spawn monster count
 E = Non-spawn monster count
 F = Spawn count percentage of total count
 G = Total turns spent on level
                    A         B        C        D         E        F      G
               +---------+---------+-------+---------+---------+-------+---------
         Total |       0 |   72530 |   0.0 |       0 |     497 |   0.0 | 17774
               +---------+---------+-------+---------+---------+-------+---------
           D:1 |       0 |      26 |   0.0 |       0 |      17 |   0.0 |   491
           D:2 |       0 |      63 |   0.0 |       0 |      23 |   0.0 |   744
           D:3 |       0 |     233 |   0.0 |       0 |      28 |   0.0 |   809
           D:4 |       0 |     449 |   0.0 |       0 |      13 |   0.0 |   690
           D:5 |       0 |     981 |   0.0 |       0 |      27 |   0.0 |   815
           D:6 |       0 |    2006 |   0.0 |       0 |      22 |   0.0 |  1233
           D:7 |       0 |    2087 |   0.0 |       0 |      37 |   0.0 |  1233
           D:8 |       0 |    5822 |   0.0 |       0 |      40 |   0.0 |  1434
           D:9 |       0 |    1402 |   0.0 |       0 |      33 |   0.0 |   660
        Lair:1 |       0 |    7619 |   0.0 |       0 |      31 |   0.0 |  1457
        Lair:2 |       0 |    5786 |   0.0 |       0 |      43 |   0.0 |  1484
        Lair:3 |       0 |    6842 |   0.0 |       0 |      24 |   0.0 |  1785
        Lair:4 |       0 |    1480 |   0.0 |       0 |       4 |   0.0 |   704
        Lair:5 |       0 |    2780 |   0.0 |       0 |      14 |   0.0 |   754
        Lair:6 |       0 |   16974 |   0.0 |       0 |      57 |   0.0 |  1523
         Orc:1 |       0 |    4715 |   0.0 |       0 |      24 |   0.0 |   809
         Orc:2 |       0 |     666 |   0.0 |       0 |      13 |   0.0 |    29
         IceCv |       0 |   12599 |   0.0 |       0 |      47 |   0.0 |  1120
               +---------+---------+-------+---------+---------+-------+---------
